2411 views
Uploaded 2021-12-21 07:17:32
Game version 1.32.10
22:35 long 3on3 ladder game on (8)Battleground_LV
Saved by xzz
2411 views
Uploaded 2021-12-21 07:17:32
Game version 1.32.10
22:35 long 3on3 ladder game on (8)Battleground_LV


156 units @ 21.2k
/ 3.4k
63 buildings @ 9.8k
/ 4.3k


| Staff of Preservation | 1 | 150 |
| Moonstone | 1 | 50 |
| Orb of Venom | 1 | 325 |
| Potion of Healing | 1 | 150 |
| Scroll of Town Portal | 2 | 700 |
| Circlet of Nobility | 1 | 175 |
| Staff of Teleportation | 1 | 150 |
| Potion of Lesser Invulnerability | 1 | 150 |
| Boots of Speed | 1 | 250 |
| total: | 10 | 2100g |
| Wisp | 25 | 1500 | / | 0 |
| Archer | 6 | 780 | / | 60 |
| Dryad | 4 | 580 | / | 240 |
| Druid of the Claw | 8 | 2040 | / | 640 |
| total: | 43 | 4900g | / | 940w |
| Moon Well | 7 | 1260 | / | 280 |
| Altar of Elders | 1 | 180 | / | 50 |
| Ancient of War | 1 | 150 | / | 60 |
| Hunter's Hall | 1 | 210 | / | 100 |
| Ancient of Wonders | 1 | 90 | / | 30 |
| Tree of Life | 2 | 680 | / | 370 |
| Ancient of Lore | 3 | 465 | / | 435 |
| Tree of Ages | 2 | 640 | / | 360 |
| Tree of Eternity | 1 | 330 | / | 200 |
| total: | 16 | 3035g | / | 1325w |
| 0:03 | Wisp |
| 0:11 | Moon Well |
| 0:15 | Altar of Elders |
| 0:17 | Wisp |
| 0:22 | Ancient of War |
| 0:31 | Wisp |
| 0:43 | Wisp |
| 1:06 | Wisp |
| 1:06 | Wisp |
| 1:18 | Wisp |
| 1:32 | Archer |
| 1:40 | Moon Well |
| 1:44 | Moon Well |
| 1:46 | Wisp |
| 2:05 | Wisp |
| 2:31 | Pocket Factory |
| 2:39 | Archer |
| 2:41 | Wisp |
| 2:42 | Wisp |
| 2:48 | Moon Well |
| 3:10 | Tree of Ages |
| 3:30 | Archer |
| 3:38 | Hunter's Hall |
| 3:54 | Cluster Rockets |
| 4:04 | Archer |
| 4:18 | Archer |
| 4:27 | Moon Well |
| 4:54 | Archer |
| 5:41 | Tree of Eternity |
| 5:46 | Ancient of Lore |
| 5:51 | Circlet of Nobility |
| 5:51 | Staff of Teleportation |
| 5:59 | Cluster Rockets |
| 6:21 | Ancient of Lore |
| 6:26 | Ancient of Lore |
| 6:30 | Ancient of Wonders |
| 7:22 | Dryad |
| 7:31 | Strength of the Wild |
| 7:42 | Staff of Preservation |
| 7:59 | Forked Lightning |
| 8:11 | Druid of the Claw Adept Training |
| 8:12 | Dryad |
| 8:15 | Wisp |
| 8:15 | Wisp |
| 8:41 | Druid of the Claw Master Training |
| 8:44 | Druid of the Claw |
| 9:25 | Dryad |
| 10:13 | Druid of the Claw |
| 10:14 | Dryad |
| 10:23 | Frost Arrows |
| 11:18 | Moonstone |
| 11:22 | Orb of Venom |
| 12:10 | Druid of the Claw |
| 12:11 | Wisp |
| 12:11 | Wisp |
| 12:25 | Engineering Upgrade |
| 12:29 | Druid of the Claw |
| 12:55 | Mark of the Claw |
| 14:01 | Forked Lightning |
| 14:08 | Improved Strength of the Wild |
| 14:11 | Druid of the Claw |
| 14:13 | Wisp |
| 14:34 | Scroll of Town Portal |
| 14:36 | Potion of Lesser Invulnerability |
| 14:39 | Boots of Speed |
| 17:09 | Druid of the Claw |
| 17:09 | Druid of the Claw |
| 17:35 | Tree of Life |
| 17:48 | Tree of Life |
| 18:04 | Frost Arrows |
| 18:11 | Scroll of Town Portal |
| 18:35 | Advanced Strength of the Wild |
| 19:14 | Moon Well |
| 19:15 | Moon Well |
| 19:35 | Cluster Rockets |
| 19:57 | Potion of Healing |
| 20:21 | Wisp |
| 20:21 | Wisp |
| 20:21 | Wisp |
| 20:22 | Wisp |
| 20:36 | Wisp |
| 20:36 | Wisp |
| 20:36 | Wisp |
| 20:36 | Wisp |
| 21:12 | Wisp |
| 21:52 | Druid of the Claw |
| 21:54 | Reinforced Hides |
| Right click | 1240 |
| Select group | 1240 |
| Select | 778 |
| Build/train/purchase | 99 |
| Use ability | 65 |
| Chat | 38 |
| Assign group | 34 |
| Resource trade | 6 |
| Misc. action | 3 |
| Item give/drop | 3 |
| Esc | 2 |
| Remove unit | 1 |
| Minimap ping | 1 |



| Healing Salve | 6 | 600 |
| Lesser Clarity Potion | 6 | 420 |
| Orb of Lightning | 3 | 1125 |
| Scroll of Town Portal | 1 | 350 |
| Scroll of Regeneration | 1 | 100 |
| total: | 17 | 2595g |
| Peon | 13 | 975 | / | 0 |
| Wind Rider | 14 | 3710 | / | 560 |
| Raider | 9 | 1620 | / | 360 |
| total: | 36 | 6305g | / | 920w |
| Altar of Storms | 1 | 180 | / | 50 |
| Orc Burrow | 9 | 1440 | / | 360 |
| War Mill | 1 | 205 | / | 0 |
| Voodoo Lounge | 1 | 130 | / | 30 |
| Great Hall | 1 | 385 | / | 185 |
| Beastiary | 4 | 580 | / | 560 |
| Stronghold | 2 | 630 | / | 380 |
| Fortress | 1 | 325 | / | 190 |
| total: | 17 | 2920g | / | 1185w |
| 0:02 | Peon |
| 0:03 | Peon |
| 0:15 | Altar of Storms |
| 0:21 | Orc Burrow |
| 0:36 | Peon |
| 0:36 | Peon |
| 0:36 | Peon |
| 0:36 | Peon |
| 0:42 | Peon |
| 0:52 | Peon |
| 1:02 | Peon |
| 1:28 | War Mill |
| 2:06 | Stronghold |
| 2:14 | Wind Walk |
| 2:18 | Voodoo Lounge |
| 2:27 | Orc Burrow |
| 2:29 | Orc Burrow |
| 4:33 | Beastiary |
| 4:37 | Healing Salve |
| 4:44 | Beastiary |
| 4:52 | Beastiary |
| 4:58 | Beastiary |
| 5:11 | Orc Burrow |
| 5:12 | Orc Burrow |
| 5:24 | Hex |
| 5:27 | Healing Salve |
| 5:27 | Lesser Clarity Potion |
| 5:40 | Wind Rider |
| 5:59 | Wind Rider |
| 6:28 | Wind Rider |
| 6:43 | Wind Rider |
| 7:00 | Wind Rider |
| 7:18 | Steel Ranged Weapons |
| 7:46 | Critical Strike |
| 8:03 | Great Hall |
| 8:06 | Steel Armor |
| 8:13 | Healing Salve |
| 8:14 | Lesser Clarity Potion |
| 8:28 | Thorium Ranged Weapons |
| 8:56 | Wind Rider |
| 9:14 | Wind Rider |
| 9:23 | Healing Wave |
| 10:09 | Mirror Image |
| 10:45 | Thorium Armor |
| 10:57 | Peon |
| 10:57 | Peon |
| 10:57 | Peon |
| 10:58 | Peon |
| 11:31 | Wind Rider |
| 12:06 | Scroll of Regeneration |
| 12:06 | Lesser Clarity Potion |
| 12:28 | Wind Rider |
| 12:49 | Hex |
| 12:51 | Wind Rider |
| 13:20 | Fortress |
| 13:52 | Scroll of Town Portal |
| 13:54 | Healing Salve |
| 14:11 | Steel Melee Weapons |
| 14:12 | Ensnare |
| 14:16 | Pillage |
| 14:24 | Raider |
| 14:31 | Raider |
| 14:44 | Raider |
| 15:15 | Healing Salve |
| 15:15 | Lesser Clarity Potion |
| 15:26 | Critical Strike |
| 15:27 | Thorium Melee Weapons |
| 15:28 | Raider |
| 15:54 | Orc Burrow |
| 15:56 | Orc Burrow |
| 16:25 | Raider |
| 16:35 | Arcanite Armor |
| 17:02 | Wind Rider |
| 17:05 | Healing Wave |
| 17:12 | Wind Rider |
| 17:16 | Critical Strike |
| 17:41 | Raider |
| 17:52 | Raider |
| 18:20 | Wind Rider |
| 18:38 | Raider |
| 18:45 | Raider |
| 19:04 | Orc Burrow |
| 19:08 | Orc Burrow |
| 19:28 | Healing Wave |
| 19:33 | Wind Rider |
| 19:46 | Bladestorm |
| 21:12 | Arcanite Melee Weapons |
| 21:13 | Arcanite Ranged Weapons |
| 21:32 | Far Sight |
| 21:35 | Orb of Lightning |
| 21:35 | Orb of Lightning |
| 21:35 | Orb of Lightning |
| 21:44 | Lesser Clarity Potion |
| 21:44 | Lesser Clarity Potion |
| 21:56 | Healing Salve |
| Select group | 869 |
| Right click | 564 |
| Select | 297 |
| Misc. action | 222 |
| Build/train/purchase | 97 |
| Use ability | 59 |
| Assign group | 36 |
| Item give/drop | 3 |
| Minimap ping | 2 |



| Scroll of Regeneration | 3 | 300 |
| Staff of Sanctuary | 1 | 250 |
| Scroll of Town Portal | 3 | 1050 |
| total: | 7 | 1600g |
| Peasant | 20 | 1500 | / | 0 |
| Footman | 19 | 2565 | / | 0 |
| Priest | 6 | 810 | / | 60 |
| Knight | 8 | 1960 | / | 480 |
| Mortar Team | 6 | 1080 | / | 420 |
| Flying Machine | 16 | 1600 | / | 480 |
| Forest Troll Berserker | 2 | 490 | / | 60 |
| total: | 77 | 10005g | / | 1500w |
| Scout Tower | 2 | 60 | / | 40 |
| Arcane Tower | 1 | 70 | / | 50 |
| Altar of Kings | 2 | 360 | / | 100 |
| Barracks | 2 | 320 | / | 120 |
| Farm | 11 | 880 | / | 220 |
| Town Hall | 2 | 770 | / | 410 |
| Arcane Vault | 2 | 260 | / | 60 |
| Lumber Mill | 2 | 240 | / | 0 |
| Blacksmith | 2 | 280 | / | 120 |
| Arcane Sanctum | 1 | 150 | / | 140 |
| Workshop | 4 | 560 | / | 560 |
| Keep | 2 | 640 | / | 420 |
| Castle | 3 | 1080 | / | 630 |
| total: | 30 | 3880g | / | 1770w |
| 0:01 | Peasant |
| 0:01 | Peasant |
| 0:07 | Altar of Kings |
| 0:18 | Barracks |
| 0:23 | Peasant |
| 0:34 | Farm |
| 0:35 | Peasant |
| 0:35 | Peasant |
| 0:47 | Peasant |
| 1:04 | Farm |
| 1:05 | Peasant |
| 1:19 | Footman |
| 1:19 | Footman |
| 1:23 | Peasant |
| 1:33 | Farm |
| 1:41 | Footman |
| 1:41 | Footman |
| 1:48 | Peasant |
| 1:48 | Peasant |
| 2:02 | Footman |
| 2:12 | Peasant |
| 2:15 | Summon Water Elemental |
| 2:15 | Summon Water Elemental |
| 2:24 | Peasant |
| 2:56 | Keep |
| 3:01 | Footman |
| 3:01 | Footman |
| 3:19 | Scout Tower |
| 3:22 | Defend |
| 3:33 | Brilliance Aura |
| 3:44 | Farm |
| 3:48 | Arcane Tower |
| 4:18 | Footman |
| 4:41 | Footman |
| 5:05 | Town Hall |
| 5:08 | Scout Tower |
| 5:40 | Arcane Vault |
| 5:56 | Summon Water Elemental |
| 6:16 | Forest Troll Berserker |
| 6:16 | Forest Troll Berserker |
| 6:22 | Arcane Sanctum |
| 6:27 | Siphon Mana |
| 6:41 | Peasant |
| 6:41 | Peasant |
| 6:49 | Lumber Mill |
| 6:52 | Scroll of Regeneration |
| 6:52 | Scroll of Regeneration |
| 7:12 | Castle |
| 7:12 | Castle |
| 7:16 | Footman |
| 7:23 | Peasant |
| 7:23 | Peasant |
| 7:59 | Priest |
| 8:00 | Barracks |
| 8:05 | Scroll of Town Portal |
| 8:13 | Footman |
| 8:15 | Improved Lumber Harvesting |
| 8:44 | Blacksmith |
| 8:51 | Peasant |
| 8:51 | Peasant |
| 8:58 | Footman |
| 9:30 | Footman |
| 9:34 | Footman |
| 9:41 | Footman |
| 9:55 | Footman |
| 9:57 | Knight |
| 10:18 | Knight |
| 10:25 | Footman |
| 10:42 | Farm |
| 11:07 | Blacksmith |
| 11:20 | Footman |
| 11:25 | Farm |
| 11:39 | Footman |
| 11:50 | Iron Forged Swords |
| 11:54 | Knight |
| 12:15 | Knight |
| 12:16 | Farm |
| 12:23 | Iron Plating |
| 12:36 | Priest |
| 12:37 | Priest |
| 12:38 | Workshop |
| 12:40 | Workshop |
| 12:56 | Knight |
| 12:58 | Priest |
| 13:04 | Farm |
| 13:07 | Flame Strike |
| 13:16 | Steel Forged Swords |
| 13:18 | Altar of Kings |
| 13:32 | Knight |
| 13:49 | Mortar Team |
| 13:59 | Arcane Vault |
| 14:06 | Staff of Sanctuary |
| 14:11 | Scroll of Regeneration |
| 14:14 | Scroll of Town Portal |
| 14:27 | Mortar Team |
| 14:27 | Mortar Team |
| 14:35 | Peasant |
| 14:36 | Peasant |
| 14:45 | Farm |
| 14:46 | Farm |
| 15:05 | Fragmentation Shards |
| 15:21 | Holy Light |
| 15:42 | Workshop |
| 15:43 | Flak Cannons |
| 15:48 | Workshop |
| 16:15 | Flying Machine |
| 16:15 | Flying Machine |
| 16:19 | Animal War Training |
| 16:43 | Brilliance Aura |
| 16:53 | Knight |
| 16:53 | Flying Machine |
| 16:53 | Flying Machine |
| 16:54 | Flying Machine |
| 16:54 | Flying Machine |
| 17:02 | Flame Strike |
| 17:02 | Flame Strike |
| 17:25 | Knight |
| 17:44 | Flying Machine Bombs |
| 17:47 | Divine Shield |
| 17:57 | Black Gunpowder |
| 18:12 | Scroll of Town Portal |
| 18:15 | Flying Machine |
| 18:15 | Flying Machine |
| 18:15 | Flying Machine |
| 18:17 | Divine Shield |
| 18:32 | Flying Machine |
| 18:33 | Flying Machine |
| 18:33 | Flying Machine |
| 18:52 | Mortar Team |
| 18:58 | Priest |
| 19:04 | Refined Gunpowder |
| 19:05 | Imbued Gunpowder |
| 19:22 | Priest |
| 19:22 | Priest Adept Training |
| 19:48 | Farm |
| 20:08 | Town Hall |
| 20:28 | Advanced Lumber Harvesting |
| 20:55 | Lumber Mill |
| 21:09 | Mortar Team |
| 21:45 | Flying Machine |
| 21:45 | Flying Machine |
| 21:45 | Flying Machine |
| 21:45 | Flying Machine |
| 22:02 | Summon Water Elemental |
| 22:08 | Mortar Team |
| 22:20 | Holy Light |
| 22:29 | Siphon Mana |
| Right click | 1919 |
| Select | 729 |
| Select group | 587 |
| Build/train/purchase | 223 |
| Assign group | 125 |
| Misc. action | 102 |
| Use ability | 52 |
| Minimap ping | 18 |
| Remove unit | 7 |
| Item give/drop | 2 |
142 units @ 16k
/ 1.4k
53 buildings @ 9k
/ 4.2k


| Orb of Venom | 1 | 325 |
| Potion of Healing | 1 | 150 |
| Scroll of Town Portal | 1 | 350 |
| Periapt of Vitality | 1 | 325 |
| Boots of Speed | 1 | 250 |
| total: | 5 | 1400g |
| Wisp | 23 | 1380 | / | 0 |
| Archer | 19 | 2470 | / | 190 |
| Hippogryph | 6 | 960 | / | 120 |
| Chimaera | 2 | 660 | / | 140 |
| total: | 50 | 5470g | / | 450w |
| Altar of Elders | 1 | 180 | / | 50 |
| Moon Well | 7 | 1260 | / | 280 |
| Ancient of War | 1 | 150 | / | 60 |
| Tree of Life | 1 | 340 | / | 185 |
| Hunter's Hall | 1 | 210 | / | 100 |
| Ancient of Wonders | 1 | 90 | / | 30 |
| Ancient of Wind | 1 | 150 | / | 140 |
| Chimaera Roost | 3 | 420 | / | 570 |
| Tree of Ages | 1 | 320 | / | 180 |
| Tree of Eternity | 1 | 330 | / | 200 |
| total: | 16 | 2800g | / | 1415w |
| 0:03 | Wisp |
| 0:03 | Wisp |
| 0:03 | Wisp |
| 0:09 | Altar of Elders |
| 0:18 | Moon Well |
| 0:38 | Wisp |
| 0:42 | Ancient of War |
| 0:49 | Wisp |
| 1:10 | Moon Well |
| 1:18 | Wisp |
| 1:23 | Wisp |
| 1:43 | Archer |
| 1:48 | Archer |
| 2:30 | Archer |
| 2:30 | Archer |
| 2:31 | Archer |
| 2:38 | Moon Well |
| 2:51 | Mana Burn |
| 3:08 | Archer |
| 3:09 | Archer |
| 3:17 | Tree of Ages |
| 3:50 | Archer |
| 3:50 | Archer |
| 4:23 | Archer |
| 4:25 | Archer |
| 4:31 | Evasion |
| 4:46 | Tree of Life |
| 5:07 | Hunter's Hall |
| 5:43 | Mana Burn |
| 5:51 | Improved Bows |
| 5:54 | Wisp |
| 5:55 | Wisp |
| 5:55 | Wisp |
| 5:55 | Wisp |
| 6:51 | Tree of Eternity |
| 7:00 | Ancient of Wonders |
| 7:58 | Wisp |
| 7:59 | Wisp |
| 7:59 | Wisp |
| 7:59 | Wisp |
| 7:59 | Wisp |
| 8:06 | Ancient of Wind |
| 8:14 | Archer |
| 8:20 | Searing Arrows |
| 8:29 | Periapt of Vitality |
| 8:43 | Boots of Speed |
| 9:00 | Moon Well |
| 9:01 | Moon Well |
| 9:10 | Archer |
| 9:11 | Archer |
| 9:55 | Evasion |
| 10:41 | Hippogryph |
| 10:42 | Hippogryph |
| 10:42 | Hippogryph |
| 10:42 | Hippogryph |
| 10:45 | Archer |
| 10:45 | Archer |
| 10:46 | Archer |
| 10:46 | Archer |
| 10:46 | Archer |
| 11:07 | Scroll of Town Portal |
| 11:08 | Orb of Venom |
| 11:09 | Potion of Healing |
| 11:24 | Wisp |
| 11:25 | Wisp |
| 11:25 | Wisp |
| 11:29 | Chimaera Roost |
| 11:35 | Chimaera Roost |
| 11:37 | Chimaera Roost |
| 13:45 | Chimaera |
| 13:59 | Wisp |
| 13:59 | Wisp |
| 13:59 | Wisp |
| 13:59 | Wisp |
| 14:09 | Moon Well |
| 14:24 | Moon Well |
| 14:38 | Strength of the Wild |
| 14:42 | Hippogryph |
| 14:42 | Hippogryph |
| 15:03 | Trueshot Aura |
| 15:27 | Chimaera |
| Right click | 604 |
| Select group | 177 |
| Select | 157 |
| Build/train/purchase | 72 |
| Assign group | 38 |
| Use ability | 25 |
| Minimap ping | 18 |
| Chat | 14 |
| Item give/drop | 3 |
| Remove unit | 1 |
| Esc | 1 |


| Orb of Venom | 1 | 325 |
| Anti-magic Potion | 1 | 100 |
| Scroll of Healing | 1 | 250 |
| Scroll of Town Portal | 2 | 700 |
| Boots of Speed | 1 | 250 |
| total: | 6 | 1625g |
| Wisp | 22 | 1320 | / | 0 |
| Archer | 31 | 4030 | / | 310 |
| Chimaera | 3 | 990 | / | 210 |
| total: | 56 | 6340g | / | 520w |
| Altar of Elders | 1 | 180 | / | 50 |
| Moon Well | 10 | 1800 | / | 400 |
| Ancient of War | 2 | 300 | / | 120 |
| Hunter's Hall | 1 | 210 | / | 100 |
| Ancient of Wonders | 1 | 90 | / | 30 |
| Tree of Life | 1 | 340 | / | 185 |
| Chimaera Roost | 3 | 420 | / | 570 |
| Tree of Ages | 1 | 320 | / | 180 |
| Tree of Eternity | 1 | 330 | / | 200 |
| total: | 19 | 3340g | / | 1455w |
| 0:07 | Wisp |
| 0:07 | Wisp |
| 0:12 | Altar of Elders |
| 0:14 | Moon Well |
| 0:39 | Ancient of War |
| 0:42 | Wisp |
| 0:59 | Wisp |
| 1:27 | Moon Well |
| 1:29 | Wisp |
| 1:46 | Archer |
| 1:53 | Wisp |
| 2:05 | Archer |
| 2:12 | Wisp |
| 2:23 | Archer |
| 2:30 | Searing Arrows |
| 2:38 | Moon Well |
| 2:48 | Archer |
| 3:12 | Archer |
| 3:24 | Archer |
| 3:33 | Archer |
| 3:39 | Hunter's Hall |
| 3:51 | Trueshot Aura |
| 3:53 | Archer |
| 4:10 | Archer |
| 4:40 | Tree of Ages |
| 4:43 | Archer |
| 4:45 | Strength of the Moon |
| 5:30 | Trueshot Aura |
| 5:35 | Archer |
| 5:39 | Moon Well |
| 5:41 | Moon Well |
| 5:44 | Moon Armor |
| 5:54 | Ancient of Wonders |
| 5:59 | Archer |
| 6:20 | Archer |
| 6:39 | Archer |
| 6:40 | Archer |
| 7:21 | Boots of Speed |
| 7:24 | Scroll of Healing |
| 8:04 | Improved Strength of the Moon |
| 8:06 | Wisp |
| 8:06 | Wisp |
| 8:07 | Wisp |
| 8:28 | Frost Arrows |
| 8:38 | Improved Bows |
| 8:38 | Archer |
| 8:42 | Moon Well |
| 9:23 | Improved Moon Armor |
| 10:26 | Archer |
| 10:26 | Archer |
| 10:26 | Archer |
| 10:35 | Forked Lightning |
| 11:20 | Searing Arrows |
| 12:07 | Tree of Life |
| 12:17 | Tree of Eternity |
| 12:19 | Archer |
| 12:23 | Ancient of War |
| 12:40 | Scroll of Town Portal |
| 13:08 | Frost Arrows |
| 14:01 | Archer |
| 14:01 | Archer |
| 14:38 | Scroll of Town Portal |
| 14:39 | Orb of Venom |
| 15:01 | Chimaera Roost |
| 15:05 | Chimaera Roost |
| 15:10 | Wisp |
| 15:17 | Wisp |
| 16:54 | Trueshot Aura |
| 16:58 | Chimaera |
| 17:02 | Chimaera Roost |
| 17:48 | Archer |
| 17:48 | Marksmanship |
| 17:51 | Well Spring |
| 18:25 | Archer |
| 18:35 | Wisp |
| 18:35 | Wisp |
| 18:35 | Wisp |
| 18:35 | Wisp |
| 18:35 | Wisp |
| 18:39 | Wisp |
| 18:39 | Wisp |
| 18:39 | Wisp |
| 18:39 | Wisp |
| 18:54 | Moon Well |
| 18:57 | Chimaera |
| 19:37 | Starfall |
| 19:56 | Chimaera |
| 19:57 | Archer |
| 19:59 | Archer |
| 20:26 | Moon Well |
| 20:30 | Anti-magic Potion |
| 20:34 | Archer |
| 20:42 | Wisp |
| 20:45 | Advanced Strength of the Moon |
| 21:23 | Moon Well |
| 21:25 | Moon Well |
| 21:54 | Archer |
| 22:16 | Archer |
| 22:17 | Archer |
| 22:17 | Archer |
| Right click | 798 |
| Select | 352 |
| Select group | 213 |
| Chat | 127 |
| Build/train/purchase | 94 |
| Assign group | 44 |
| Misc. action | 10 |
| Use ability | 6 |
| Item give/drop | 2 |
| Remove unit | 1 |
| Esc | 1 |
| Minimap ping | 1 |


| Healing Salve | 3 | 300 |
| Lesser Clarity Potion | 2 | 140 |
| Potion of Mana | 3 | 600 |
| Orb of Lightning | 1 | 375 |
| Potion of Healing | 3 | 450 |
| Scroll of Town Portal | 4 | 1400 |
| Potion of Lesser Invulnerability | 1 | 150 |
| total: | 17 | 3415g |
| Peon | 13 | 975 | / | 0 |
| Troll Headhunter | 17 | 2380 | / | 340 |
| Troll Berserker | 6 | 840 | / | 120 |
| total: | 36 | 4195g | / | 460w |
| Watch Tower | 6 | 660 | / | 480 |
| War Mill | 1 | 205 | / | 0 |
| Barracks | 2 | 360 | / | 100 |
| Altar of Storms | 1 | 180 | / | 50 |
| Orc Burrow | 4 | 640 | / | 160 |
| Voodoo Lounge | 1 | 130 | / | 30 |
| Great Hall | 1 | 385 | / | 185 |
| Spirit Lodge | 2 | 300 | / | 300 |
| Stronghold | 1 | 315 | / | 190 |
| Fortress | 1 | 325 | / | 190 |
| total: | 18 | 2860g | / | 1305w |
| 0:02 | Peon |
| 0:02 | Peon |
| 0:18 | Peon |
| 0:35 | War Mill |
| 0:43 | Barracks |
| 0:47 | Peon |
| 0:51 | Altar of Storms |
| 1:03 | Orc Burrow |
| 1:10 | Peon |
| 1:19 | Peon |
| 1:29 | Peon |
| 1:55 | Troll Headhunter |
| 2:01 | Orc Burrow |
| 2:14 | Troll Headhunter |
| 2:23 | Peon |
| 2:37 | Voodoo Lounge |
| 2:54 | War Stomp |
| 2:56 | Troll Headhunter |
| 3:14 | Troll Headhunter |
| 3:35 | Peon |
| 3:49 | Troll Headhunter |
| 3:56 | Orc Burrow |
| 4:06 | Endurance Aura |
| 4:18 | Healing Salve |
| 4:47 | Orc Burrow |
| 5:03 | Troll Headhunter |
| 5:19 | Great Hall |
| 5:29 | Stronghold |
| 5:43 | Watch Tower |
| 6:30 | Lesser Clarity Potion |
| 6:30 | Healing Salve |
| 6:45 | Watch Tower |
| 6:47 | Troll Headhunter |
| 6:52 | Watch Tower |
| 6:55 | Spiked Barricades |
| 8:02 | Peon |
| 8:02 | Peon |
| 8:02 | Peon |
| 8:05 | Watch Tower |
| 8:08 | Reinforced Defenses |
| 8:12 | War Stomp |
| 8:39 | Scroll of Town Portal |
| 8:40 | Potion of Lesser Invulnerability |
| 8:51 | Peon |
| 8:59 | Hex |
| 10:09 | Troll Headhunter |
| 10:09 | Troll Headhunter |
| 10:26 | Watch Tower |
| 10:47 | Healing Wave |
| 11:37 | Troll Headhunter |
| 11:37 | Troll Headhunter |
| 12:06 | Troll Headhunter |
| 12:06 | Troll Headhunter |
| 12:09 | Fortress |
| 12:21 | Barracks |
| 12:23 | Troll Headhunter |
| 12:23 | Troll Headhunter |
| 12:23 | Troll Regeneration |
| 12:24 | Steel Ranged Weapons |
| 12:32 | Watch Tower |
| 12:40 | Spirit Lodge |
| 12:50 | Healing Salve |
| 12:57 | Scroll of Town Portal |
| 12:57 | Lesser Clarity Potion |
| 13:12 | Potion of Mana |
| 13:14 | Scroll of Town Portal |
| 14:00 | Spirit Lodge |
| 14:21 | Troll Headhunter |
| 14:27 | Troll Headhunter |
| 14:51 | Shaman Adept Training |
| 15:05 | Orb of Lightning |
| 15:12 | Potion of Healing |
| 15:14 | Potion of Mana |
| 15:18 | Berserker Upgrade |
| 15:20 | Witch Doctor Adept Training |
| 16:21 | Endurance Aura |
| 16:22 | Troll Berserker |
| 16:22 | Troll Berserker |
| 16:44 | Troll Berserker |
| 16:44 | Troll Berserker |
| 17:09 | Potion of Mana |
| 17:09 | Potion of Healing |
| 17:41 | Potion of Healing |
| 17:43 | Scroll of Town Portal |
| 18:19 | Troll Berserker |
| 18:19 | Troll Berserker |
| Right click | 940 |
| Select group | 376 |
| Select | 340 |
| Build/train/purchase | 105 |
| Assign group | 75 |
| Use ability | 28 |
| Misc. action | 23 |
| Item give/drop | 4 |
| Remove unit | 2 |
⇛